 Dungeon Crawl Stone Soup version 0.23-a0-890-gc183402 (webtiles) character file.

Game seed: 16285218776946113474

13 tidbits the Charmwright (level 2, 2/26 HPs)
             Began as a Gnoll Skald on Jan 28, 2019.
             Quit the game on level 2 of the Dungeon.
             The game lasted 00:03:08 (332 turns).

tidbits the Charmwright (Gnoll Skald)                Turns: 332, Time: 00:03:08

Health: 2/26       AC:  6    Str: 10 (13) XL:     2   Next: 37%
Magic:  7/7        EV: 13    Int: 12 (15) God:
Gold:   65         SH:  0    Dex: 12 (14) Spells: 5/10 levels left

rFire    . . .     SeeInvis .   a - +0 spear
rCold    . . .     Gourm    .   (no shield)
rNeg     . . .     Faith    .   b - +0 leather armour
rPois    .         Spirit   .   (no helmet)
rElec    .         Reflect  .   (no cloak)
rCorr    .         Harm     .   G - +2 pair of gloves
MR       .....                  (no boots)
Stlth    +.........             R - amulet of regeneration
HPRegen  0.48/turn              (no ring)
MPRegen  0.10/turn              (no ring)

@: singing, slowed, very slow
A: distributed training, fangs 1, strong nose
a: no special abilities


You were on level 2 of the Dungeon.
You were full.

You visited 1 branch of the dungeon, and saw 3 of its levels.

You collected 65 gold pieces.

Inventory:

Hand Weapons
 a - a +0 spear (weapon)
 h - a +2 mace of holy wrath
   (You took it off an orc on level 3 of the Dungeon)
 o - a +0 morningstar
Missiles
 e - 5 tomahawks (quivered)
 f - 33 arrows
Armour
 b - a +0 leather armour (worn)
 G - a +2 pair of gloves (worn)
Jewellery
 R - an amulet of regeneration (around neck)
   (You found it on level 3 of the Dungeon)
Scrolls
 c - a scroll of enchant armour {unknown}
 i - a scroll of fog {unknown}
 j - a scroll of random uselessness {unknown}
 k - 2 scrolls of identify {unknown}
Potions
 l - a potion of lignification {unknown}
 m - a potion of flight {unknown}
Comestibles
 d - 2 rations


   Skills:
 + Level 4.4 Fighting
 + Level 0.3 Short Blades
 + Level 0.3 Long Blades
 + Level 0.3 Axes
 + Level 0.3 Maces & Flails
 + Level 4.4 Polearms
 + Level 0.3 Staves
 + Level 0.3 Slings
 + Level 0.3 Bows
 + Level 0.3 Crossbows
 + Level 0.3 Throwing
 + Level 2.4 Armour
 + Level 4.4 Dodging
 + Level 0.3 Stealth
 + Level 0.3 Shields
 + Level 0.3 Unarmed Combat
 + Level 4.9 Spellcasting
 + Level 0.2 Conjurations
 + Level 0.2 Hexes
 + Level 5.3 Charms
 + Level 0.2 Summonings
 + Level 0.2 Necromancy
 + Level 0.2 Translocations
 + Level 0.2 Transmutations
 + Level 0.2 Fire Magic
 + Level 0.2 Ice Magic
 + Level 0.2 Air Magic
 + Level 0.2 Earth Magic
 + Level 0.2 Poison Magic
 + Level 0.4 Invocations
 + Level 0.3 Evocations


You had 5 spell levels left.
You knew the following spells:

 Your Spells              Type           Power        Failure   Level  Hunger
g - Shroud of Golubria    Chrm/Tloc      #.........   13%         2    ##.....
i - Infusion              Chrm           ###.         3%          1    None
y - Song of Slaying       Chrm           ###.....     4%          2    ##.....

Your spell library contained the following spells:

 Spells                   Type           Power        Failure   Level  Hunger
 Regeneration             Chrm/Necr      #.........   26%         3    ###....
 Spectral Weapon          Hex/Chrm       #.......     26%         3    ###....


Dungeon Overview and Level Annotations

Branches:
Dungeon (3/15)

Altars:

Annotations:
D:2 Natasha


Innate Abilities, Weirdness & Mutations

Your experience applies equally to all skills.
You have very sharp teeth.
Your uncanny sense of smell can sniff out nearby items.


Message History

The bat hits you but does no damage. The leopard gecko bites you.
You closely miss the frilled lizard. Your bite misses the frilled lizard.
The bat hits you. The leopard gecko misses you. The frilled lizard misses you.
The leopard gecko bites you but does no damage.
Natasha casts a spell.
You miss the frilled lizard. The bat completely misses you.
The frilled lizard misses you. The leopard gecko misses you.
You miss the frilled lizard. You bite the frilled lizard.
The frilled lizard is heavily wounded.
The bat hits you. The frilled lizard misses you. The leopard gecko misses you.
You barely miss the frilled lizard.
The frilled lizard is heavily wounded.
The bat closely misses you. The bat barely misses you.
The frilled lizard barely misses you.
The leopard gecko bites you but does no damage.
You miss the frilled lizard.
The frilled lizard is heavily wounded.
The bat barely misses you. The crimson imp closely misses you.
The frilled lizard bites you but does no damage.
The leopard gecko misses you. Natasha casts a spell at you.
You feel yourself slow down.
Unknown command.
You miss the frilled lizard. The bat hits you but does no damage.
The crimson imp hits you but does no damage.
The leopard gecko bites you. The bat misses you. The frilled lizard bites you.
Natasha stares at you and mumbles some strange words.
You feel as though you will be slow longer.
You closely miss the frilled lizard. The bat misses you.
The leopard gecko bites you but does no damage.
The crimson imp misses you. The frilled lizard closely misses you.
Natasha hisses.
Natasha barely misses you. The leopard gecko bites you.
The crimson imp closely misses you.
It was a potion of degeneration.
There was something very wrong with that liquid.
You feel weakened.
You feel dopey.
You feel clumsy. The bat closely misses you. The frilled lizard misses you.
Natasha claws you. The leopard gecko closely misses you.
The crimson imp barely misses you. The frilled lizard bites you.
Natasha barely misses you. The leopard gecko misses you.
It was a potion of heal wounds.
You feel much better. The bat hits you but does no damage.
The crimson imp closely misses you.
The leopard gecko bites you but does no damage.
The frilled lizard bites you but does no damage.
Natasha claws you but does no damage. The crimson imp barely misses you.
You hit Natasha.
Natasha is moderately wounded.
The bat barely misses you. The bat completely misses you.
The leopard gecko barely misses you. The frilled lizard closely misses you.
Natasha barely misses you. The leopard gecko barely misses you.
The crimson imp misses you. The frilled lizard misses you.
Natasha barely misses you.
You closely miss Natasha.
Natasha is moderately wounded.
The bat hits you but does no damage. The leopard gecko barely misses you.
The crimson imp blinks!
The frilled lizard bites you but does no damage.
Natasha claws you. The worm bites you but does no damage.
The leopard gecko closely misses you.
You hit Natasha.
Natasha is moderately wounded.
The bat hits you but does no damage. The frilled lizard closely misses you.
Natasha casts a spell at you. The magic dart hits you!
The leopard gecko closely misses you. The worm bites you.
You hit Natasha.
Natasha is heavily wounded.
The bat misses you. The leopard gecko bites you.
* * * LOW HITPOINT WARNING * * *
The frilled lizard closely misses you. Natasha completely misses you.
The crimson imp lashes its tail.
The leopard gecko barely misses you.
The frilled lizard completely misses you.
Natasha misses you.
You hit Natasha.
Natasha is severely wounded.
The bat hits you but does no damage.
The leopard gecko bites you but does no damage.
The worm bites you but does no damage. The frilled lizard barely misses you.
Natasha barely misses you.
You hit Natasha but do no damage.
Natasha is severely wounded.
The bat barely misses you.
The leopard gecko bites you but does no damage.
The crimson imp blinks!
The frilled lizard barely misses you. Natasha casts a spell at you.
You feel as though you will be slow longer.
The worm bites you!
* * * LOW HITPOINT WARNING * * *
The leopard gecko closely misses you.
The crimson imp blinks!
You closely miss Natasha.
Natasha is severely wounded.
The bat hits you but does no damage. The bat closely misses you.
The frilled lizard bites you but does no damage.
Natasha casts a spell.
The bat barely misses you. The leopard gecko barely misses you.
The worm barely misses you. The frilled lizard misses you.
Natasha claws you but does no damage.
Are you sure you want to abandon this character and quit the game? (Confirm with "yes".)

######## ### #......#
..##.!....## ###
..........# #..
#...5...# #..
#.l.b...# ∆ #.#
#.#####.h@...5## ###
#.......wl[....## #
..........#.....# #
.#...........######
##
....................#
∆ #.
..#..........########
#.
#.................#
##.
...#......#######..
#.. #.........# ##.#


You could see a worm, Natasha, 2 crimson imps, a leopard gecko, a bat and a
frilled lizard.

Vanquished Creatures
  A dart slug (D:2)
  An orc (D:3)
  A giant cockroach (D:2)
  2 goblins (D:2)
  A jackal (D:2)
  A frilled lizard (D:2)
  A kobold (D:1)
  2 rats
10 creatures vanquished.

Notes
Turn   | Place    | Note
-------+----------+-------------------------------------------
     0 | D:1      | tidbits the Gnoll Skald began the quest for the Orb.
     0 | D:1      | Reached XP level 1. HP: 20/20 MP: 6/6
   142 | D:3      | Reached XP level 2. HP: 24/26 MP: 2/7
   148 | D:3      | Learned a level 2 spell: Song of Slaying
   151 | D:3      | Learned a level 2 spell: Shroud of Golubria
   314 | D:2      | Noticed Natasha
   317 | D:2      | Noticed a crimson imp
   330 | D:2      | HP: 1/26 [worm (10)]
   332 | D:2      | Noticed a crimson imp
   332 | D:2      | Quit the game

Vault maps used:
D:1:      lightli_arrival_flooded_house
D:2:      minmay_general_purpose_star, lemuel_round_altar, uniq_natasha
D:3:      nicolae_overflow_crystal_walls, chequers_ecumenical_altar_simple,
          chequers_serial_rivers_small_3, makhleb_heckhound_becter, uniq_jessica

Action                   || total
-------------------------++-------
Melee: Spear             ||    38
       Bite              ||     2
 Cast: Infusion          ||     3
       Song of Slaying   ||     1
  Use: Potion            ||     2
 Stab: Sleeping          ||     1
  Eat: Ration            ||     1
Armor: Leather armour    ||    26
Dodge: Dodged            ||    66

Table legend:
 A = Non-vault XP
 B = Vault XP
 C = Vault XP percentage of total XP
 D = Non-vault monster count
 E = Vault monster count
 F = Vault count percentage of total count
                 A         B        C        D         E       F
            +---------+---------+-------+---------+---------+-------
      Total |      13 |       6 |  31.6 |       8 |       2 |  20.0
            +---------+---------+-------+---------+---------+-------
        D:1 |       1 |       0 |   0.0 |       1 |       0 |   0.0
        D:2 |       8 |       6 |  42.9 |       5 |       2 |  28.6
        D:3 |       4 |       0 |   0.0 |       2 |       0 |   0.0
            +---------+---------+-------+---------+---------+-------

Table legend:
 A = Turns spent in this place as a percentage of turns spent in the entire game.
 B = Non-inter-level travel turns spent in this place as a percentage of non-inter-level travel turns spent in the entire game.
 C = Inter-level travel turns spent in this place as a percentage of turns spent in this place.
 D = Turns resting spent in this place as a percentage of non-inter-level travel turns spent in this place.
 E = Turns spent auto-exploring this place as a percentage of non-inter-level travel turns spent in this place.
 F = Non-inter-level travel turns spent in this place divided by the number of levels of this place that you've seen.
                   A       B       C       D       E      F
               +-------+-------+-------+-------+-------+----------------------
         Total | 100.0 | 100.0 |   7.2 |   0.0 |   0.0 | 102.7
       Dungeon | 100.0 | 100.0 |   7.2 |   0.0 |   0.0 | 102.7
               +-------+-------+-------+-------+-------+----------------------

Table legend:
 A = Kills in this place as a percentage of kills in entire the game.
 B = Kills by you in this place as a percentage of kills by you in the entire game.
 C = Kills by friends in this place as a percentage of kills by friends in the entire game.
 D = Other kills in this place as a percentage of other kills in the entire game.
 E = Experience gained in this place as a percentage of experience gained in the entire game.
 F = Experience gained in this place divided by the number of levels of this place that you have seen.
                   A       B       C       D       E      F
               +-------+-------+-------+-------+-------+----------------------
         Total | 100.0 | 100.0 |   N/A |   N/A | 100.0 |   6.3
       Dungeon | 100.0 | 100.0 |   N/A |   N/A | 100.0 |   6.3
               +-------+-------+-------+-------+-------+----------------------

Vault maps used:
D:1:      lightli_arrival_flooded_house
D:2:      minmay_general_purpose_star, lemuel_round_altar, uniq_natasha
D:3:      nicolae_overflow_crystal_walls, chequers_ecumenical_altar_simple,
          chequers_serial_rivers_small_3, makhleb_heckhound_becter, uniq_jessica
